 Dungeon Crawl Stone Soup version 0.26-a0-317-ge2f3d4a7ca (webtiles) character file.

Game seed: 11645908799402393512

469 dvdking the Firebug (level 6, -4/32 HPs)
             Began as a Deep Elf Fire Elementalist on July 16, 2020.
             Shot with an arrow by a centaur (11 damage)
             ... on level 5 of the Dungeon.
             The game lasted 00:14:54 (4971 turns).

dvdking the Firebug (Deep Elf Fire Elementalist)    Turns: 4971, Time: 00:14:54

Health: -4/32      AC:  4    Str: 11    XL:     6   Next: 82%
Magic:  13/13      EV: 13    Int: 22    God:
Gold:   205        SH:  0    Dex: 15    Spells: 7/11 levels left

rFire    + . .     SeeInvis .   t - +3 quarterstaff (chaos)
rCold    + . .     Faith    .   (shield currently unavailable)
rNeg     . . .     Spirit   .   a - +1 robe
rPois    .         Reflect  .   m - +1 hat
rElec    .         Harm     .   b - scarf {rC+ rF+}
rCorr    .                      (no gloves)
MR       .....                  (no boots)
Stlth    ++........             (no amulet)
HPRegen  0.10/turn              i - +6 ring of strength
MPRegen  0.13/turn              (no ring)

@: no status effects
A: no striking features
a: no special abilities


You were on level 5 of the Dungeon.
You visited 1 branch of the dungeon, and saw 5 of its levels.

You collected 331 gold pieces.
You spent 126 gold pieces at shops.

Inventory:

Hand Weapons
 t - a +3 quarterstaff of chaos (weapon)
Missiles
 j - 13 poisoned darts (quivered)
Armour
 a - a +1 robe (worn)
 b - a scarf of resistance (worn)
 m - a +1 hat (worn)
Jewellery
 d - an uncursed amulet of guardian spirit
 i - a +6 ring of strength (left hand)
Scrolls
 c - a scroll of remove curse
 e - 2 scrolls of enchant armour
 k - a scroll of magic mapping {unknown}
 l - 2 scrolls of random uselessness
 n - 3 scrolls of teleportation
 o - a scroll of amnesia
 q - 3 scrolls of identify
 s - a scroll of torment
Potions
 f - a potion of flight
 g - a potion of curing {unknown}
 p - a potion of resistance {unknown}
 r - 2 potions of might {unknown}


   Skills:
 - Level 2.6 Dodging
 - Level 2.5 Stealth
 - Level 3.4 Spellcasting
 + Level 5.2 Conjurations
 + Level 6.4 Fire Magic


You had 7 spell levels left.
You knew the following spells:

 Your Spells              Type           Power        Failure   Level
a - Foxfire               Conj/Fire      ####         1%          1
b - Conjure Flame         Conj/Fire      ####....     3%          3

Your spell library contained the following spells:

 Spells                   Type           Power        Failure   Level
 Inner Flame              Hex/Fire       ###.....     10%         3
 Sticky Flame             Conj/Fire      ####....     11%         4
 Fireball                 Conj/Fire      ####......   30%         5


Dungeon Overview and Level Annotations

Branches:
Dungeon (5/15)             Temple (0/1) D:5

Altars:
Makhleb
Nemelex Xobeh
Okawaru

Shops:
D:4 ?

Annotations:
D:5 Edmund, Sigmund


Message History

You can't see that place. [the floor.] Placed new exclusion.
You see here a +0 whip.
Found a stone staircase leading down.
A centaur comes into view.
The centaur shouts!
The centaur wields a +0 shortbow.
The centaur shoots an arrow.
The arrow hits you!
Found a scroll of amnesia.
You see here an arrow.
Casting: Foxfire (safe; 1% risk of failure)
Confirm with . or Enter, or press ? or * to list all spells.
You don't know that spell.
Unknown command.
There is a stone staircase leading down here.
The centaur shoots an arrow.
The arrow hits you!
* * * LOW HITPOINT WARNING * * *
The centaur shoots an arrow.
The arrow hits you!
You die...

..# ...@. ..# ...$ ..#### ...#
.....# ## ... ..##.# #? #.###..
#.##.#### #.. # #.....######
..(.....# #...# ####...<รท.#
#.##.##<###..c##### #..........
..#...#.........@.#####.##.##....
.............[.............#.....
..#...#.........(.##.##.##.#.....
.........##...######.##.##.#.....
.........##...# #.##....)....#
.........##...# #.##.......###
......#####. .# #>#####.####
##....# ## ## #..........###
#....# ####.##.##....


You could see a centaur.

Vanquished Creatures
  A phantom (D:5)
  A hound (D:5)
  Crazy Yiuf (D:2)
  A gnoll shaman (D:3)
  An iguana (D:5)
  3 worker ants (D:4)
  9 gnolls (D:4)
  2 adders
  An ooze (D:3)
  4 worms
  3 dart slugs
  3 leopard geckos
  8 orcs
  A ball python (D:3)
  3 giant cockroaches
  6 goblins
  7 hobgoblins
  3 jackals (D:1)
  3 kobolds
  2 quokkas
  3 bats
  4 frilled lizards
  5 rats
75 creatures vanquished.

Vanquished Creatures (others)
  311 foxfires
311 creatures vanquished.

Grand Total: 386 creatures vanquished

Notes
Turn   | Place    | Note
-------+----------+-------------------------------------------
     0 | D:1      | dvdking the Deep Elf Fire Elementalist began the quest for
                  | the Orb.
     0 | D:1      | Reached XP level 1. HP: 10/10 MP: 6/6
     3 | D:1      | Noticed an electric eel
    11 | D:1      | Noticed an electric eel
   178 | D:1      | Reached XP level 2. HP: 5/15 MP: 1/8
   925 | D:1      | Reached skill level 4 in Fire Magic
  1215 | D:2      | Found an iron altar of Okawaru.
  1471 | D:2      | Reached XP level 3. HP: 19/19 MP: 5/9
  1558 | D:2      | Found a runed translucent door.
  1559 | D:2      | Noticed Crazy Yiuf
  2145 | D:3      | Reached XP level 4. HP: 24/24 MP: 9/11
  2953 | D:4      | Found a sparkling altar of Nemelex Xobeh.
  3177 | D:4      | Learned a level 3 spell: Conjure Flame
  3194 | D:4      | Reached skill level 5 in Fire Magic
  3287 | D:4      | Reached XP level 5. HP: 28/28 MP: 8/12
  3402 | D:4      | Found a burning altar of Makhleb.
  3657 | D:4      | Found Zit Vav's Magic Scroll Shoppe.
  3671 | D:4      | Bought a scroll of random uselessness for 12 gold pieces
  3671 | D:4      | Bought a scroll of torment for 90 gold pieces
  3671 | D:4      | Bought a scroll of identify for 24 gold pieces
  4113 | D:4      | Reached XP level 6. HP: 32/32 MP: 6/13
  4267 | D:5      | Entered Level 5 of the Dungeon
  4282 | D:5      | Found a staircase to the Ecumenical Temple.
  4283 | D:5      | Noticed a hippogriff
  4283 | D:5      | Noticed Edmund
  4357 | D:2      | Killed Crazy Yiuf
  4544 | D:4      | Reached skill level 6 in Fire Magic
  4842 | D:5      | Reached skill level 5 in Conjurations
  4950 | D:5      | Noticed Sigmund
  4971 | D:5      | Shot with an arrow by a centaur

Illustrated notes

Levels and vault maps discovered:
D:1:      arrival_aquarium_b, layout_loops_ring, chequers_garden,
          corexii_leaking_fountain, minmay_bisected
D:2:      layout_basic, okawaru_ov_weapons_minmay, uniq_crazy_yiuf_cottage
D:3:      layout_basic
D:4:      layout_gridville, nemelex_xobeh_ov_fountains_minmay,
          lightli_temple_of_fire, serial_shops, shop
D:5:      layout_loops_cross, gammafunk_temple_overflow_pools,
          minmay_temple_entry_sparse_star, minmay_manual_mess, uniq_sigmund,
          uniq_edmund

Skill      XL: |  1  2  3  4  5  6 |
---------------+-------------------+-----
Fire Magic     | 4 5 6 |  6.4
Conjurations   | 2 3 4 5 |  5.2
Dodging        | |  2.6
Stealth        | |  2.5
Spellcasting   | |  3.4

Action                   |  1- 3 |  4- 6 || total
-------------------------+-------+-------++-------
Melee: Unarmed           |     1 |       ||     1
 Cast: Foxfire           |    78 |   123 ||   201
  Use: Scroll            |     5 |     2 ||     7
       Potion            |       |     3 ||     3
Armor: Robe              |     3 |     3 ||     6
Dodge: Dodged            |    16 |    33 ||    49

Table legend:
 A = Non-vault XP
 B = Vault XP
 C = Vault XP percentage of total XP
 D = Non-vault monster count
 E = Vault monster count
 F = Vault count percentage of total count
                 A         B        C        D         E       F
            +---------+---------+-------+---------+---------+-------
      Total |     466 |     205 |  30.6 |      71 |       4 |   5.3
            +---------+---------+-------+---------+---------+-------
        D:1 |      31 |       2 |   6.1 |      15 |       1 |   6.2
        D:2 |      43 |      40 |  48.2 |      14 |       1 |   6.7
        D:3 |     105 |       0 |   0.0 |      22 |       0 |   0.0
        D:4 |     241 |       0 |   0.0 |      16 |       0 |   0.0
        D:5 |      46 |     163 |  78.0 |       4 |       2 |  33.3
            +---------+---------+-------+---------+---------+-------
